 Dungeon Crawl Stone Soup version 0.15-a0 (webtiles) character file.

880 4tharraofdagon the Spear-Bearer (level 7, 0/55 HPs)
             Began as a Merfolk Gladiator on Mar 30, 2014.
             Was an Initiate of the Shining One.
             Slain by an ogre
             ... wielding a +0,+0 giant club
              (17 damage)
             ... on Level 6 of the Dungeon.
             The game lasted 00:15:28 (2254 turns).

4tharraofdagon the Spear-Bearer (Merfolk Gladiator) Turns: 2254, Time: 00:15:28

HP   0/55        AC 10     Str 18      XL: 7   Next: 72%
MP   9/9         EV  5     Int  7      God: the Shining One [......]
Gold 153         SH  7     Dex 14      Spells:  0 memorised,  6 levels left

rFire  + . .     SeeInvis .     y - +0,+1 trident
rCold  . . .     Clarity  .     j - +0 chain mail
rNeg   . . .     Conserve .     o - +0 buckler
rPois  .         rCorr    .     s - +0 helmet
rElec  .         rRot     .     (no cloak)
SustAb . .       Spirit   .     u - +0 pair of gloves
rMut   .         Warding  .     (no boots)
Saprov . . .     Stasis   .     (no amulet)
MR     .....                    g - cursed ring of hunger
                                v - ring of protection from fire {unknown}

@: not resistant to hostile enchantments, extremely unstealthy
A: change form in water, swift swim, dopey 1, strong 1, evolution 1
a: Renounce Religion


You were on level 6 of the Dungeon.
You worshipped the Shining One.
The Shining One was noncommittal.
You were not hungry.

You visited 2 branches of the dungeon, and saw 8 of its levels.

You collected 153 gold pieces.

Inventory:

Hand weapons
 a - a +0,+0 trident
 y - a +0,+1 trident (weapon)
Armour
 b - a +0 leather armour
 c - a +0 helmet
 j - a +0 chain mail (worn)
 k - a +0 helmet
 o - a +0 buckler (worn)
 s - a +0 helmet (worn)
 u - a +0 pair of gloves (worn)
 x - a +0 scale mail
 C - a cursed +0 pair of gloves
Comestibles
 d - a bread ration
 f - a rotting chunk of bat flesh
 h - 3 meat rations
 l - a chunk of adder flesh
 m - 2 chunks of giant frog flesh
Scrolls
 e - 3 scrolls of identify
 i - a scroll of fog
 q - 3 scrolls of enchant armour
 w - 4 scrolls of enchant weapon II
Jewellery
 g - a cursed ring of hunger (right hand)
 v - a ring of protection from fire (left hand) {unknown}
Potions
 n - a potion of paralysis
 r - a potion of restore abilities


   Skills:
 + Level 4.4 Fighting
 * Level 8.2 Polearms
 - Level 2.0 Throwing
 + Level 2.1 Armour
 + Level 6.1 Dodging
 + Level 2.7 Invocations


You had 6 spell levels left.
You didn't know any spells.

Dungeon Overview and Level Annotations

Branches:
Dungeon (7/15)             Temple (1/1) D:4

Altars:
Cheibriados
Dithmenos
Elyvilon
Fedhas
Kikubaaqudgha
Makhleb
Nemelex Xobeh
Sif Muna
Trog
Vehumet
Xom
Yredelemnul
Zin
The Shining One

Shops:
D:5 *   D:6 =


Innate Abilities, Weirdness & Mutations

You revert to your normal form in water.
You are very nimble and swift while swimming.
You are dopey. (Int -2)
Your muscles are strong. (Str +2)
You evolve.


Message History

y - a +0,+1 trident (weapon)
Read which item? (? for menu, Esc to quit)
Okay, then.
Drink which item? (? for menu, Esc to quit)
Okay, then.
The ogre hits you with a giant club!
Found 16 bolts.
A sky beast comes into view.
The sky beast flickers out of sight!
Deactivating autopickup; reactivate with Ctrl-A.
Enter note: :D Attack whom?
Press: ? - help, Dir - move target cursor, f - ogre
Aim: an ogre, wielding a giant club You reach to attack!
You puncture the ogre!
The ogre is heavily wounded.
You hit the ogre.
The ogre is heavily wounded.
The ogre hits you with a giant club!
You die...

###########
#.@......(.
#O#########
#.############
#.##.........#
#.##.........#
#.##.........#
#.##.........###
#.##.............
#.##.........#


You could see an ogre.

Vanquished Creatures
  2 phantoms
  A centaur (D:6)
  A giant frog (D:6)
  A scorpion (D:5)
  A giant frog zombie (D:6)
  3 hounds
  An orc wizard (D:4)
  Natasha (D:3)
  3 worker ants (D:6)
  Jessica (D:2)
  4 adders
  A white imp (D:3)
  2 worms
  A giant eyeball (D:6)
  3 oozes
  An orc (D:5)
  4 bats
  4 giant cockroaches
  4 goblins
  3 hobgoblins
  4 jackals (D:1)
  5 kobolds
  A ball python (D:5)
  An orc skeleton (D:5)
  An orc zombie (D:6)
  3 rats
57 creatures vanquished.

Notes
Turn   | Place    | Note
--------------------------------------------------------------
     0 | D:1      | 4tharraofdagon, the Merfolk Gladiator, began the quest for the Orb.
     0 | D:1      | Reached XP level 1. HP: 16/16 MP: 1/1
   100 | D:1      | Reached XP level 2. HP: 16/23 MP: 2/2
   298 | D:1      | Reached skill level 5 in Polearms
   345 | D:2      | Noticed Jessica
   361 | D:2      | Killed Jessica
   361 | D:2      | Reached XP level 3. HP: 6/28 MP: 3/3
   432 | D:3      | Noticed Natasha
   438 | D:3      | Killed Natasha
   438 | D:3      | Reached skill level 1 in Armour
   438 | D:3      | Reached XP level 4. HP: 10/34 MP: 4/4
   512 | D:4      | Found a staircase to the Ecumenical Temple.
   521 | Temple   | Entered the Ecumenical Temple
   547 | Temple   | Became a worshipper of the Shining One
   623 | D:4      | Reached skill level 6 in Polearms
   670 | D:5      | Entered Level 5 of the Dungeon
   673 | D:5      | Reached XP level 5. HP: 41/41 MP: 5/5
   675 | D:5      | Found a snail-covered altar of Cheibriados.
   718 | D:5      | Reached skill level 5 in Dodging
   798 | D:4      | Reached skill level 1 in Invocations
   877 | D:4      | Noticed a phantom
   976 | D:4      | Killed a phantom
   976 | D:4      | Reached skill level 7 in Polearms
   976 | D:4      | Reached XP level 6. HP: 5/47 MP: 5/7
   994 | D:4      | Found a sparkling altar of Nemelex Xobeh.
  1031 | D:4      | Found a white marble altar of Elyvilon.
  1031 | D:4      | Found a sparkling altar of Nemelex Xobeh.
  1109 | D:5      | Found Fyakhoy's General Store.
  1113 | D:5      | Noticed a sky beast
  1205 | D:5      | mmm
  1432 | D:5      | Found a burning altar of Makhleb.
  1492 | D:5      | Found a basalt altar of Yredelemnul.
  1571 | D:6      | Found Ikautak's Jewellery Emporium.
  1596 | D:5      | Found a bloodstained altar of Trog.
  1694 | D:7      | Noticed a mottled dragon
  1758 | D:5      | Gained mutation: You evolve. [potion of mutation]
  1758 | D:5      | Gained mutation: You are dopey. (Int -2) [potion of mutation]
  1758 | D:5      | Gained mutation: Your muscles are strong. (Str +2) [potion of mutation]
  1939 | D:6      | Reached XP level 7. HP: 45/54 MP: 7/9
  1961 | D:6      | Paralysed by a giant eyeball for 3 turns
  2116 | D:6      | Reached skill level 8 in Polearms
  2133 | D:6      | :(
  2243 | D:6      | :D
  2253 | D:6      | :D
  2254 | D:6      | Slain by an ogre

Action                   |  1- 3 |  4- 6 |  7- 9 || total
-------------------------+-------+-------+-------++-------
Melee: Trident           |    91 |   257 |    69 ||   417
Throw: Throwing net      |     4 |     5 |       ||     9
  Use: Potion            |     4 |     2 |       ||     6
       Scroll            |       |    12 |       ||    12
 Stab: Held in net/web   |     2 |     2 |       ||     4
